 Dungeon Crawl Stone Soup version 0.29-a0-234-g0dae59b3db (webtiles) character file.

Game seed: 1408681858013442958

119 Anathary the Chopper (level 4, 0/36 HPs)
             Began as a Demonspawn Berserker on Mar 3, 2022.
             Was a Priest of Trog.
             Slain by a river rat (5 damage)
             ... on level 3 of the Dungeon.
             The game lasted 00:08:49 (2626 turns).

Anathary the Chopper (Demonspawn Berserker)         Turns: 2626, Time: 00:08:49

Health: 0/36       AC:  2    Str: 19    XL:     4   Next: 73%
Magic:  4/4        EV: 12    Int:  9    God:    Trog [***...]
Gold:   65         SH:  0    Dex: 12    Spells: 3/3 levels left

rFire   . . .      SeeInvis .   a - +0 hand axe
rCold   . . .      Faith    .   (no shield)
rNeg    . . .      Spirit   .   b - +0 animal skin
rPois   .          Reflect  .   (no helmet)
rElec   .          Harm     .   (no cloak)
rCorr   .          Rampage  .   (no gloves)
Will    .....                   (no boots)
Stlth   +.........              (no amulet)
HPRegen 0.12/turn               (no ring)
MPRegen 0.09/turn               (no ring)

@: very slow
A: foul stench 1, spiny 1, demonic touch 1
a: Renounce Religion, Berserk, Trog's Hand


You were on level 3 of the Dungeon.
You worshipped Trog.
Trog was most pleased with you.
You visited 1 branch of the dungeon, and saw 3 of its levels.

You collected 65 gold pieces.

Inventory:

Hand Weapons
 a - a +0 hand axe (weapon)
Armour
 b - a +0 animal skin (worn)
Jewellery
 j - an amulet of faith
Wands
 l - a wand of acid (4)
 p - a wand of iceblast (12)
Scrolls
 c - a scroll of fear {unknown}
 d - 4 scrolls of identify {unknown}
 h - a scroll of enchant armour {unknown}
 i - a scroll of fog {unknown}
 n - a scroll of vulnerability {unknown}
 o - 2 scrolls of teleportation {unknown}
Potions
 e - a potion of ambrosia {unknown}
 f - a potion of heal wounds {unknown}
 g - 3 potions of curing {unknown}
 k - a potion of attraction {unknown}
 m - a potion of mutation {unknown}


   Skills:
 + Level 3.6 Fighting
 + Level 4.1 Axes
 + Level 2.0 Armour
 + Level 2.5 Dodging


You had 3 spell levels left.
You didn't know any spells.
Your spell library was empty.

Dungeon Overview and Level Annotations

Branches:
Dungeon (3/15)

Altars:


Innate Abilities, Weirdness & Mutations

You may rarely emit foul miasma when damaged in melee.
You are partially covered in sharp spines.
Your touch may inflict minor irresistible damage on your foes.


Message History

You hit the worm.
You touch the worm.
The worm is heavily wounded.
The worm closely misses you.
Your unstable footing causes you to fumble your attack.
The worm barely misses you.
You hit the worm but do no damage.
You touch the worm.
The worm is heavily wounded.
You completely miss the worm.
You touch the worm.
The worm is severely wounded.
The worm bites you.
Your unstable footing causes you to fumble your attack.
The worm bites you.
You hit the worm but do no damage.
The worm is heavily wounded.
Your unstable footing causes you to fumble your attack.
The worm bites you!
You hit the worm. Your touch misses the worm.
The worm is almost dead.
The worm closely misses you.
Your unstable footing causes you to fumble your attack.
Your unstable footing causes you to fumble your attack.
The worm bites you!
You hit the worm.
You touch the worm.
You kill the worm!
Trog accepts your kill.
You hit the quokka.
You kill the quokka!
Trog accepts your kill.
Things that are here:
a quokka corpse; a worm corpse A river rat comes into view.
The river rat bites you!
* * * LOW HITPOINT WARNING * * *
You hit the river rat but do no damage.
You touch the river rat.
The river rat is moderately wounded.
The river rat is struck by your spines. The river rat misses you.
You barely miss the river rat.
The river rat is severely wounded.
The river rat misses you. The river rat bites you.
You die...

##..............)......'.......+
.^................######.......#
........J.........# #.......#
#.................# ####..###
#'###..####....#### #..#
...###.##≈######≈###### #..#
...# #.#≈≈≈≈≈†≈≈≈≈#...# #..#
..(#
#.#≈≈≈####≈≈≈#...#####..####
...# #.##≈## ##@##...##..).....#
...# #.##†# #r##...##.######.#
...# #..#†# #≈##....#...# # ...#
####≈## #≈##....###.# ...# #≈≈≈#
≈≈≈#....#...# # #'######≈≈≈#
≈≈≈#....#.######.# #......##≈##
#≈##..:.#........# #.....###.##
###.....####..#### #.....# #..#
#........##..# ..


You could see a river rat.

Vanquished Creatures
  3 adders
  3 worms
  3 dart slugs
  3 orcs (D:3)
  4 ball pythons (D:1)
  5 endoplasms
  5 goblins
  4 hobgoblins
  14 jackals
  2 quokkas
  8 bats
  3 frilled lizards
  5 kobolds
  4 rats
66 creatures vanquished.

Notes
Turn   | Place    | Note
-------+----------+-------------------------------------------
     0 | D:1      | Anathary the Demonspawn Berserker began the quest for the
                  | Orb.
     0 | D:1      | Reached XP level 1. HP: 18/18 MP: 1/1
   112 | D:1      | You fall into a shaft and drop 1 floor!
   245 | D:2      | Reached skill level 3 in Axes
   399 | D:1      | Gained mutation: You are partially covered in sharp spines.
                  | [demonic ancestry]
   399 | D:1      | Reached XP level 2. HP: 22/24 MP: 2/2
   664 | D:1      | Reached ** piety under Trog
   667 | D:1      | Gained mutation: Your touch may inflict minor irresistible
                  | damage on your foes. [demonic ancestry]
   667 | D:1      | Reached XP level 3. HP: 25/29 MP: 3/3
   867 | D:1      | Found a faded altar of an unknown god.
  1837 | D:2      | Gained mutation: You may rarely emit foul miasma when
                  | damaged in melee. [demonic ancestry]
  1837 | D:2      | Reached XP level 4. HP: 20/35 MP: 4/4
  2360 | D:3      | Reached skill level 4 in Axes
  2562 | D:3      | Reached *** piety under Trog
  2626 | D:3      | Slain by a river rat

Illustrated notes

Levels and vault maps discovered:
D:1:      dpeg_arrival_yet_another_circle, layout_basic, basic_ecumenical_altar
D:2:      layout_loops_ring
D:3:      layout_basic, gup_sewer_entry_bubbles, serial_shops,
          nicolae_lakefront_shop, bh_walls_and_bars

Skill      XL: |  1  2  3  4 |
---------------+-------------+-----
Axes           | 3 4 |  4.1
Dodging        | 2 |  2.5
Armour         | 2 |  2.0
Fighting       | |  3.6

Action                   |  1- 3 |  4- 6 || total
-------------------------+-------+-------++-------
Melee: Hand axe          |    84 |    42 ||   126
       Punch             |     1 |       ||     1
       Touch             |     3 |     9 ||    12
Armor: Animal skin       |    15 |     5 ||    20
Dodge: Dodged            |    50 |    18 ||    68

Table legend: (Time is in decaauts)
 A = Elapsed time spent in this place.
 B = Non-inter-level travel time spent in this place.
 C = Inter-level travel time spent in this place.
 D = Time resting spent in this place.
 E = Time spent auto-exploring this place.
 F = Levels seen in this place.
 G = Mean time per level.
                   A        B        C        D        E       F      G
               +--------+--------+--------+--------+--------+-----+--------+
         Total |   2651 |   2608 |     43 |    939 |    482 |   3 |  883.7 |
       Dungeon |   2651 |   2608 |     43 |    939 |    482 |   3 |  883.7 |
               +--------+--------+--------+--------+--------+-----+--------+

Top non-repeatable levels by time:
     D:1: 1303 daAuts
     D:2: 996 daAuts
     D:3: 351 daAuts
